AoeStats
← 小白

Black Forest

506349749Analyzed
4v4 RM · 20d ago on Sep 13, 2026· 40m 29s· 8 players
Game mode
Random Map
Map size
Large (8 player)
Population
200
Speed
Normal
Resources
Standard
Victory
Conquest
Starting age
Dark Age
Ending age
Imperial Age
RankedLock teamsTeams togetherTeam positionsShared explorationLock speedFull tech treeHidden civsTurbo modeCheats
Victory
Defeat
🇳🇿 Aztecs · New Zealand
1747
+19
🇧🇪 Hindustanis · Belgium
1724
+20
🇪🇸 Turks · Spain
1698
+21
🇭🇰 Mongols · Hong Kong SAR China
1667
+22
🇹🇼 Magyars · Taiwan
1948
-26
🇹🇼 Persians · Taiwan
1888
-23
🇹🇼 Shu · Taiwan
1773
-19
🇹🇼 Lithuanians · Taiwan
1642
-14
XXYY
0:39 Loom
19:55 Feudal Age
24:18 Castle Age
22:34 Double-Bit Axe
22:59 Gold Mining
25:26 Bow Saw
25:01 Horse Collar
26:12 Sanctity
28:34 Redemption
33:41 Imperial Age
34:42 Block Printing
34:53 Illumination
35:06 Theocracy
37:02 Wheelbarrow
37:19 Heavy Plow
39:20 Hand Cart
38:50 Town Watch
39:39 Fervor
39:44 Scale Mail Armor
JINX
4:30 Loom
13:49 Feudal Age
14:28 Double-Bit Axe
17:40 Castle Age
15:33 Fishing Lines
19:06 Bow Saw
21:58 Scale Barding Armor
22:26 Bloodlines
23:07 Wheelbarrow
22:19 Town Watch
31:08 Hand Cart
30:58 Horse Collar
31:11 Gillnets
32:58 Gold Mining
33:10 Grand Trunk Road
34:13 Caravan
38:05 Imperial Age
35:57 Chain Barding Armor
35:48 Forging
36:14 Coinage
37:04 Gold Shaft Mining
36:30 Heavy Plow
36:32 Husbandry
39:13 Conscription
39:29 Plate Barding Armor
38:15 Heavy Camel Rider
40:03 Banking
40:50 Block Printing
40:00 Imperial Camel Rider
40:01 Onager
41:43 Chemistry
40:49 Siege Engineers
41:00 Fortified Wall
41:53 Two-Man Saw
色狼英雄传
1:45 Loom
20:53 Feudal Age
31:04 Double-Bit Axe
36:01 Fishing Lines
39:23 Castle Age
37:12 Fishing Lines
39:15 Wheelbarrow
40:58 Bow Saw
(PNG)Ludovicum95
5:10 Loom
11:57 Feudal Age
12:33 Double-Bit Axe
17:41 Forging
20:18 Castle Age
18:56 Scale Barding Armor
19:45 Bloodlines
20:16 Fishing Lines
21:51 Bow Saw
24:00 Horse Collar
24:59 Heavy Plow
26:18 Wheelbarrow
26:54 Gillnets
29:55 Hand Cart
30:04 Chain Barding Armor
30:52 Iron Casting
32:49 Imperial Age
31:47 Devotion
32:33 Husbandry
33:32 Caravan
33:16 Heavy Camel Rider
34:36 Plate Barding Armor
35:02 Blast Furnace
35:15 Bombard Tower
35:54 Artillery
36:15 Conscription
37:06 Treadmill Crane
37:37 Masonry
37:49 Ballistics
散步小鵝
0:39 Loom
26:17 Feudal Age
27:09 Double-Bit Axe
30:06 Castle Age
28:29 Horse Collar
31:11 Bow Saw
31:47 Wheelbarrow
35:20 Hand Cart
小蜜蜂
1:22 Loom
23:43 Feudal Age
24:13 Double-Bit Axe
24:09 Horse Collar
27:44 Castle Age
28:55 Bow Saw
31:47 Fortified Wall
36:56 Masonry
36:49 Heavy Plow
37:27 Wheelbarrow
小白
12:02 Feudal Age
13:15 Double-Bit Axe
15:56 Castle Age
14:09 Horse Collar
16:04 Fishing Lines
17:24 Bow Saw
17:41 Bow Saw
19:53 Wheelbarrow
19:04 Loom
26:48 Heavy Plow
30:53 Gold Mining
30:54 Stone Mining
31:58 Hand Cart
34:42 Imperial Age
32:42 Scale Barding Armor
33:34 Gold Shaft Mining
33:49 Chain Barding Armor
34:08 Stone Shaft Mining
34:29 Forging
34:47 Bloodlines
34:38 Husbandry
35:48 Plate Barding Armor
35:42 Guilds
35:40 Elite War Elephant
37:15 Iron Casting
36:08 Elite War Elephant
37:09 Conscription
36:57 Devotion
38:35 Iron Casting
39:40 Faith
40:35 Two-Man Saw
40:08 Crop Rotation
41:15 Blast Furnace
老天鵝
7:07 Loom
11:41 Feudal Age
16:26 Castle Age
15:05 Double-Bit Axe
23:55 Fishing Lines
25:24 Bow Saw
25:47 Horse Collar
26:17 Town Watch
34:40 Imperial Age
34:34 Fletching
34:54 Gold Mining
35:37 Masonry
36:02 Husbandry
36:00 Bodkin Arrow
37:21 Gold Shaft Mining
37:22 Wheelbarrow
37:07 Bracer
37:31 Ballistics
38:21 Bloodlines
40:44 Chemistry
Connection lost

Rejoining the realm…

Still unreachable

The connection could not be restored.

Session expired

The server has moved on; the page needs a fresh start.